 Dungeon Crawl Stone Soup version 0.25-b1-37-g2669288c55 (webtiles) character file.

Game seed: 14726271999008396236

26061 Masnef the Brawler (level 12, -18/115 HPs)
             Began as a Troll Berserker on June 2, 2020.
             Was a High Priest of Trog.
             Demolished by an alligator (21 damage)
             ... on level 4 of the Lair of Beasts on June 4, 2020.
             The game lasted 00:24:37 (12999 turns).

Masnef the Brawler (Troll Berserker)               Turns: 12999, Time: 00:24:38

Health: -18/115    AC: 10    Str: 42    XL:     12   Next: 95%
Magic:  11/11      EV: 12    Int:  3    God:    Trog [*****.]
Gold:   901        SH: 10    Dex: 11    Spells: 11/11 levels left

rFire    . . .     SeeInvis .     - Unarmed
rCold    . . .     Gourm    +   P - +0 kite shield
rNeg     . . .     Faith    +   G - +2 robe {MR+}
rPois    .         Spirit   .   (helmet restricted)
rElec    .         Reflect  .   H - +0 cloak
rCorr    .         Harm     .   (gloves unavailable)
MR       +++..                  (boots unavailable)
Stlth    +.........             d - amulet of faith
HPRegen  2.09/turn              m - +6 ring of strength
MPRegen  0.12/turn              L - +6 ring of strength

@: regenerating
A: large, unfitting armour, claws 3, fast metabolism 3, gourmand, regeneration
2, shaggy fur 2, tough skin 3
a: Berserk, Trog's Hand, Brothers in Arms, Renounce Religion


You were on level 4 of the Lair of Beasts.
You worshipped Trog.
Trog was extremely pleased with you.
You were very full.

You visited 2 branches of the dungeon, and saw 16 of its levels.
You also visited: Sewer.

You collected 1172 gold pieces.
You spent 271 gold pieces at shops.

Inventory:

Hand Weapons
 F - a +1 antimagic battleaxe
 O - the +6 giant spiked club of Impermanence {vorpal, *Contam rElec rC++}
   (Trog gifted it to you on level 2 of the Lair of Beasts)

   It inflicts extra damage upon your enemies.
   It greatly protects you from cold.
   It insulates you from electricity.
   It causes magical contamination when unequipped.
Missiles
 K - 3 large rocks
 M - 7 javelins (quivered)
Armour
 a - a +0 animal skin
 G - a +2 robe of magic resistance (worn)
 H - a +0 cloak (worn)
 N - a +2 robe of cold resistance
 P - a +0 kite shield (worn)
Jewellery
 d - an amulet of faith (around neck)
 m - a +6 ring of strength (left claw)
 z - an uncursed ring of positive energy
 L - a +6 ring of strength (right claw)
 R - an uncursed ring of fire
 U - an uncursed ring of stealth {unknown}
Wands
 j - a wand of iceblast (13)
 l - a wand of random effects (36)
 v - a wand of acid (21)
 E - a wand of flame (8)
 S - a wand of clouds (4)
 T - a wand of polymorph (20)
 V - a wand of digging (5)
Scrolls
 c - 19 scrolls of identify {unknown}
 e - 19 scrolls of remove curse {unknown}
 h - 6 scrolls of amnesia {unknown}
 i - 2 scrolls of enchant armour {unknown}
 k - a scroll of enchant weapon {unknown}
 p - 3 scrolls of teleportation {unknown}
 q - 5 scrolls of magic mapping {unknown}
 u - 2 scrolls of immolation {unknown}
 x - 2 scrolls of fog {unknown}
 y - a scroll of random uselessness {unknown}
 A - 3 scrolls of fear {unknown}
 D - 2 scrolls of blinking {unknown}
 J - 3 scrolls of noise {unknown}
Potions
 f - 8 potions of curing
 g - a potion of mutation {unknown}
 n - 6 potions of heal wounds {unknown}
 o - 2 potions of brilliance {unknown}
 r - 7 potions of flight {unknown}
 s - a potion of might {unknown}
 t - 5 potions of stabbing {unknown}
 w - 2 potions of haste {unknown}
 B - 4 potions of lignification {unknown}
 C - a potion of degeneration {unknown}
 I - 3 potions of berserk rage {unknown}
 Q - a potion of invisibility {unknown}
Comestibles
 b - 31 rations
 W - 10 chunks of flesh


   Skills:
 * Level 6.4 Fighting
 * Level 5.2 Throwing
 * Level 10.6 Dodging
 * Level 2.5 Shields
 + Level 15.1 Unarmed Combat


You had 11 spell levels left.
You didn't know any spells.
Your spell library was empty.

Dungeon Overview and Level Annotations

Branches:
Dungeon (10/15)            Temple (0/1) D:7            Lair (6/6) D:10
 Shoals (0/4) Lair:3       Spider (0/4) Lair:3        Sewer (visited)
  Slime: Lair:5-6       Orc: D:9-12

Altars:
Dithmenos
Kikubaaqudgha
Makhleb
Nemelex Xobeh
Okawaru
Trog
Uskayaw
Vehumet
Xom
Yredelemnul
Zin
Beogh
Jiyva

Shops:
D:5 }%*=   D:8 [   D:9 *

Annotations:
D:3 3 runed translucent doors, Sedillia's ghost, amateur GnWn
Lair:1 3 runed translucent doors, Beischinu's ghost, journeyman MiFi
Lair:6 1 transporter


Innate Abilities, Weirdness & Mutations

You are too large for most types of armour.
You have claws for hands.
Your metabolism is lightning-fast.
You like to eat raw meat.
You heal very quickly.
You are covered in thick fur. (AC +2)
You have extremely tough skin. (AC +3)


Message History

The alligator tail-slaps you but does no damage.
The alligator bites you but does no damage.
The alligator barely misses you. You block the alligator's attack.
The alligator tail-slaps you.
* * * LOW HITPOINT WARNING * * *
Unknown command.
Your skin crawls.
You feel resistant to hostile enchantments.
You block the alligator's attack. x2; The alligator closely misses you.
The alligator completely misses you. The alligator bites you!!
* * * LOW HITPOINT WARNING * * *
The alligator closely misses you.
Okay, then.
It was a potion of curing.
You feel better. The alligator bites you!
* * * LOW HITPOINT WARNING * * *
You block the alligator's attack. The alligator closely misses you.
The alligator barely misses you. The alligator bites you.
* * * LOW HITPOINT WARNING * * *
You block the alligator's attack. The alligator bites you!!
You die...

..# ≈≈≈#≈#≈≈.≈#≈≈≈#≈≈ ..#
#≈$≈≈≈#≈≈≈###..≈##≈≈≈≈≈≈ ..#
≈#≈!$≈≈≈##≈≈#≈.≈≈≈≈#≈≈≈≈≈ ..#
≈≈≈≈≈#≈≈≈≈≈≈#≈≈#.P≈ ≈≈≈#≈ ###
#≈#≈≈≈≈≈≈≈≈≈≈≈≈# ≈≈≈≈≈ ..#
≈≈≈≈≈≈.≈≈≈≈≈≈≈≈≈. ≈≈#≈# ..####
≈≈≈≈#≈#≈..≈≈#≈≈..≈ ≈ ##≈
..≈≈≈#≈≈≈≈≈≈≈≈≈t.≈≈≈≈≈.≈≈ #≈≈
..≈≈...≈≈≈≈P≈..t@#.≈≈.≈≈≈ ≈≈#≈
..#.≈#....≈≈..≈t≈≈≈≈≈≈.#≈ #≈≈≈
..≈##≈≈.≈..#≈P≈≈≈≈..≈≈≈≈. ..≈#
≈≈≈≈≈≈≈≈≈≈P.≈P≈≈≈≈..
..≈#≈≈≈≈≈≈≈≈#≈≈≈.≈.≈##≈≈.
..#≈###≈≈≈≈≈≈.≈..≈≈≈≈##≈≈
..≈≈≈≈#≈≈≈#≈#≈...≈≈≈≈≈##≈
#.≈≈≈#≈≈≈≈#≈≈≈≈≈≈≈.≈≈≈≈≈≈
##≈≈#≈≈≈≈≈≈≈≈#≈≈≈.≈≈≈############


You could see 3 alligators.

Vanquished Creatures
  Snorg (Lair:3)
  A hydra (Lair:4)
  Erica (D:8)
  Urug (Lair:2)
  Nergalle (Lair:4)
  4 oklob plants (Lair:3)
  3 elephants (Lair:4)
  2 black mambas
  A torpor snail (Lair:2)
  3 spiny frogs
  A kobold demonologist (D:8)
  2 rime drakes
  A komodo dragon (Lair:1)
  2 trolls (D:10)
  A queen bee (Lair:1)
  A polar bear (Lair:5)
  3 blink frogs
  5 hippogriffs
  A slime creature (Lair:4)
  A snapping turtle (Lair:3)
  Sigmund (D:5)
  A wyvern (Lair:3)
  A human (D:8)
  A basilisk (Lair:3)
  16 yaks
  3 hogs (Lair:5)
  2 swamp worms (Lair:4)
  5 water moccasins
  4 porcupines
  3 sky beasts
  3 orc warriors
  2 phantoms
  2 black bears
  4 ice beasts
  5 ogres
  A wolf (Lair:6)
  4 centaurs
  9 crocodiles
  9 bullfrogs
  6 big kobolds
  3 scorpions
  28 killer bees
  5 wights (D:8)
  2 howler monkeys
  2 electric eels (Lair:3)
  4 crimson imps
  2 bullfrog zombies
  4 hounds
  6 orc priests
  2 jellies
  7 iguanas
  3 orc wizards
  6 hell rats (Lair:2)
  11 worker ants
  A worker ant zombie (D:5)
  15 gnolls
  18 river rats
  15 adders
  2 shadow imps
  An ooze (Sewer)
  An adder skeleton (D:5)
  5 worms
  3 dart slugs
  3 leopard geckos
  15 orcs
  A bat skeleton (D:3)
  5 bat zombies (D:3)
  A giant cockroach (D:7)
  4 goblins
  8 hobgoblins
  7 jackals
  24 kobolds
  7 quokkas
  5 ball pythons
  A ball python skeleton (D:5)
  8 bats
  6 frilled lizards
  21 rats
  3 plants (Lair:3)
383 creatures vanquished.

Vanquished Creatures (collateral kills)
  Kirke (Lair:5)
  2 hydras (Lair:5)
  2 blink frogs (Lair:4)
  7 dream sheep (Lair:5)
  3 hogs (Lair:5)
  A wyvern (Lair:5)
  A basilisk (Lair:5)
  3 yaks (D:10)
  A porcupine (D:10)
  A crocodile (Lair:4)
  An orc priest (D:6)
  2 orcs
  A fungus (D:10)
26 creatures vanquished.

Vanquished Creatures (others)
  3 fungi
  2 plants
5 creatures vanquished.

Grand Total: 414 creatures vanquished

Notes
Turn   | Place    | Note
-------+----------+-------------------------------------------
     0 | D:1      | Masnef the Troll Berserker began the quest for the Orb.
     0 | D:1      | Reached XP level 1. HP: 22/22 MP: 0/0
    32 | D:1      | Reached XP level 2. HP: 29/29 MP: 1/1
   127 | D:1      | Reached skill level 4 in Unarmed Combat
   387 | D:1      | Reached XP level 3. HP: 36/36 MP: 2/2
   773 | D:2      | Reached ** piety under Trog
   871 | D:2      | Reached skill level 5 in Unarmed Combat
   871 | D:2      | Reached XP level 4. HP: 27/44 MP: 3/3
  1040 | D:2      | Reached XP level 5. HP: 27/50 MP: 4/4
  1104 | D:2      | Found a shimmering altar of Xom.
  1463 | D:2      | Reached skill level 6 in Unarmed Combat
  1910 | D:3      | Found a glowing drain.
  1914 | Sewer    | Entered a sewer
  1942 | Sewer    | Reached *** piety under Trog
  1942 | Sewer    | Reached skill level 7 in Unarmed Combat
  1942 | Sewer    | Reached XP level 6. HP: 59/59 MP: 5/5
  2182 | Sewer    | Reached XP level 7. HP: 66/66 MP: 6/6
  2478 | D:3      | Found a glowing silver altar of Zin.
  2606 | D:3      | Found an ancient bone altar of Kikubaaqudgha.
  2687 | D:3      | Found a runed translucent gate.
  2687 | D:3      | Found a runed translucent gate.
  2688 | D:3      | Found a runed translucent gate.
  2688 | D:3      | Noticed Sedillia's ghost (amateur GnWn)
  2688 | D:3      | Identified the cursed +1 ring mail "Enurhusm" {*Drain rPois
                  | rF+ rCorr}
  2689 | D:3      | Found a roughly hewn altar of Beogh.
  2736 | D:4      | Reached skill level 8 in Unarmed Combat
  2741 | D:4      | Reached **** piety under Trog
  2813 | D:4      | Found an iron altar of Okawaru.
  2816 | D:4      | Found a basalt altar of Yredelemnul.
  2935 | D:4      | Found a burning altar of Makhleb.
  3447 | D:5      | Entered Level 5 of the Dungeon
  3468 | D:5      | Found Ofum Fua's Food Shoppe.
  3496 | D:5      | Found Kefemp's Gadget Emporium.
  3546 | D:5      | Noticed a +0 hand axe
  3546 | D:5      | Noticed a +0 dagger
  3549 | D:5      | Found a hide-covered altar of Uskayaw.
  3574 | D:5      | Noticed Sigmund
  3577 | D:5      | Killed Sigmund
  3577 | D:5      | Reached skill level 9 in Unarmed Combat
  3577 | D:5      | Reached XP level 8. HP: 74/74 MP: 7/7
  3579 | D:5      | Found Hyiloaj's General Store.
  3599 | D:5      | Identified the +2 hunting sling "Cohujicw" {flame, rF+}
  3651 | D:5      | Found a bloodstained altar of Trog.
  3801 | D:5      | Found a shadowy altar of Dithmenos.
  3805 | D:5      | Found Feysiuwa's Jewellery Shop.
  3952 | D:6      | Reached skill level 5 in Dodging
  4065 | D:6      | Found a sparkling altar of Nemelex Xobeh.
  4188 | D:6      | Reached skill level 10 in Unarmed Combat
  4234 | D:6      | Found a radiant altar of Vehumet.
  4690 | D:6      | Reached XP level 9. HP: 51/80 MP: 8/8
  4809 | D:7      | Found a staircase to the Ecumenical Temple.
  5229 | D:7      | Found a roughly hewn altar of Beogh.
  5239 | D:7      | Reached skill level 11 in Unarmed Combat
  5620 | D:8      | Reached ***** piety under Trog
  5686 | D:8      | Noticed Erica
  5694 | D:8      | Killed Erica
  5987 | D:8      | Reached XP level 10. HP: 91/91 MP: 9/9
  6044 | D:8      | Reached skill level 12 in Unarmed Combat
  6219 | D:8      | Found Dopot's Antique Armour Shoppe.
  6226 | D:8      | Bought a glowing robe for 92 gold pieces
  6236 | D:8      | Bought a cloak for 112 gold pieces
  6726 | D:9      | Received a gift from Trog
  7009 | D:9      | Found Caomuh's Assorted Antiques.
  7012 | D:9      | Bought 2 viscous white potions for 45 gold pieces
  7012 | D:9      | Bought a sedimented white potion for 22 gold pieces
  7223 | D:10     | Entered Level 10 of the Dungeon
  7385 | D:10     | Reached skill level 1 in Throwing
  7495 | D:10     | Reached skill level 13 in Unarmed Combat
  7650 | D:10     | Found a bloodstained altar of Trog.
  7726 | D:10     | Found a staircase to the Lair.
  7736 | Lair:1   | Entered Level 1 of the Lair of Beasts
  7736 | Lair:1   | Found a runed translucent gate.
  7736 | Lair:1   | Found a runed translucent gate.
  7736 | Lair:1   | Found a runed translucent gate.
  7736 | Lair:1   | Noticed Beischinu's ghost (journeyman MiFi)
  7736 | Lair:1   | Noticed a death ooze
  7806 | Lair:4   | Noticed a spiny frog
  7813 | Lair:4   | Killed a spiny frog
  7955 | Lair:4   | Reached XP level 11. HP: 39/101 MP: 10/10
  8196 | Lair:5   | Noticed a six-headed hydra
  8201 | Lair:5   | Killed a six-headed hydra
  8288 | Lair:5   | Noticed Kirke
  8380 | Lair:6   | Entered Level 6 of the Lair of Beasts
  8385 | Lair:6   | Found a transporter.
  8763 | Lair:5   | Upgraded the game from 0.25-b1-23-ge2ad7d536c to
                  | 0.25-b1-37-g2669288c55
  8869 | Lair:5   | Noticed a five-headed hydra
  8873 | Lair:5   | Killed a five-headed hydra
  8910 | Lair:5   | Killed Kirke
  8910 | Lair:5   | Reached skill level 5 in Fighting
  9131 | Lair:4   | Noticed Nergalle
  9135 | Lair:4   | Killed Nergalle
  9182 | Lair:4   | Noticed a four-headed hydra
  9191 | Lair:4   | Killed a nine-headed hydra
  9200 | Lair:4   | Reached skill level 14 in Unarmed Combat
  9348 | Lair:3   | Noticed Snorg
  9357 | Lair:3   | Killed Snorg
  9546 | Lair:3   | Found a staircase to the Shoals.
  9560 | Lair:3   | Reached XP level 12. HP: 91/111 MP: 11/11
  9626 | Lair:2   | Received a gift from Trog
  9631 | Lair:2   | Got a faintly glowing giant spiked club {god gift}
  9632 | Lair:2   | Identified the +6 giant spiked club of Impermanence
                  | {vorpal, *Contam rElec rC++} (Trog gifted it to you on
                  | level 2 of the Lair of Beasts)
  9635 | Lair:2   | Gained mutation: You are covered in thick fur. (AC +2)
                  | [mutagenic glow]
  9667 | Lair:2   | Gained mutation: You heal very quickly. [mutagenic glow]
  9888 | Lair:1   | Reached skill level 10 in Dodging
 10014 | Lair:1   | Found a viscous altar of Jiyva.
 10651 | Lair:1   | Reached skill level 1 in Shields
 10746 | Lair:2   | Noticed Urug
 10757 | Lair:2   | Killed Urug
 11125 | Lair:2   | Received a gift from Trog
 11836 | Lair:3   | Found a hole to the Spider Nest.
 11878 | Lair:3   | Reached skill level 5 in Throwing
 12028 | Lair:3   | Reached skill level 15 in Unarmed Combat
 12990 | Lair:4   | Noticed an alligator
 12990 | Lair:4   | Noticed an alligator
 12991 | Lair:4   | Noticed an alligator
 12999 | Lair:4   | HP: 4/115 [alligator (16)]
 12999 | Lair:4   | Demolished by an alligator

Illustrated notes

Levels and vault maps discovered:
D:1:      erik_arrival_blinker_ship, layout_basic
D:2:      minmay_angry_zag, layout_loops_ring, xom_butterflies
D:3:      layout_rooms, kennysheep_vampire_church, zin_academy,
          lightli_sewer_entry_pipes, biasface_ghost_orc_armoury
D:4:      layout_basic, lightli_temple_of_fire,
          gammafunk_temple_overflow_statue, grunt_ministairs_5, feat_on_display
D:5:      layout_rooms, dancing_weapons_uskayaw, grunt_dithmenos_smoke,
          serial_shops, shop, nicolae_shop_trees, shop_coins, shop_fountains,
          first_ration, trog_three_pillars_becter, uniq_sigmund
D:6:      layout_cave_pools, nemelex_xobeh_ov_fountains_minmay,
          vehumet_altar_wand_db
D:7:      layout_cave_pods, minmay_temple_entry_statues_fountains,
          david_defended_altar_orc
D:8:      layout_basic, serial_shops, shop, grunt_pizzeria, uniq_erica
D:9:      layout_basic, serial_shops, nicolae_shop_behind_doors
D:10:     layout_cave_pools, grunt_lair_entry_orc_guard_hut, david_orc_3,
          serial_glass, glass_columns_b, glass_columns_a, trog_book
Lair:1:   layout_roguey [special_room_bee], gammafunk_ghost_ooze,
          small_statue_intersection
Lair:2:   lemuel_ratsnest, layout_regular_city, uniq_urug
Lair:3:   minmay_lair_oklob_tunnel, layout_cellular_growth,
          minmay_shoals_entry_hut, spider_nest_entry_a, disabler_island,
          uniq_snorg
Lair:4:   onia_ninara_swampy_vault, layout_hall_layers, patterned_corridor,
          uniq_nergalle
Lair:5:   dragon1_lemuel, layout_gridlike, nicolae_lair_yak_garden, uniq_kirke
Lair:6:   hangedman_lair_in_review, layout_misc_corridors,
          guppyfry_lair_end_dragon, slime_altar_1,
          lightli_volcano_entry_magma_tube, gammafunk_ghost_berserking_beasts,
          st_stairs_4, hibernation_bobbens

Skill      XL: |  1  2  3  4  5  6  7  8  9 10 11 12 |
---------------+-------------------------------------+-----
Unarmed Combat | 4 5 7 9 10 11 13 14 15 | 15.1
Dodging        | 3 4 5 7 8 9 10 | 10.6
Fighting       | 3 4 5 6 |  6.4
Throwing       | 1 3 5 |  5.2
Shields        | 2 |  2.5

Action                   |  1- 3 |  4- 6 |  7- 9 | 10-12 || total
-------------------------+-------+-------+-------+-------++-------
Melee: Unarmed           |    63 |   161 |   307 |   551 ||  1082
       Punch             |     1 |     1 |     9 |    37 ||    48
Throw: Javelin           |       |       |       |     7 ||     7
       Large rock        |       |       |       |     1 ||     1
Invok: Berserk           |       |     6 |     7 |    12 ||    25
       Brothers in Arms  |       |       |     1 |     4 ||     5
       Trog's Hand       |       |       |       |     2 ||     2
  Use: Potion            |       |       |       |     1 ||     1
 Stab: Sleeping          |       |     1 |     1 |       ||     2
  Eat: Chunk             |    13 |    18 |    43 |    77 ||   151
Armor: Animal skin       |    32 |    67 |    82 |     4 ||   185
       Robe              |       |       |       |   122 ||   122
Dodge: Dodged            |    48 |    92 |   172 |   363 ||   675
Block: Kite shield       |       |       |       |    10 ||    10
